 Dungeon Crawl Stone Soup version 0.29.1-15-g9cfb28693d (webtiles) character file.

Game seed: 8911239637058842739

1451 croobank the Covert (level 8, 0/57 HPs)
             Began as an Octopode Delver on Mar 6, 2023.
             Slain by an orc warrior
             ... wielding a +0 broad axe
              (23 damage)
             ... on level 6 of the Dungeon.
             The game lasted 00:14:41 (7072 turns).

croobank the Covert (Octopode Delver)               Turns: 7072, Time: 00:14:42

Health: 0/57       AC:  1    Str: 11    XL:     8   Next: 75%
Magic:  8/8        EV: 15    Int: 14    God:
Gold:   241        SH:  0    Dex: 14    Spells: 7/7 levels left

rFire   . . .      SeeInvis .   p - +1 dagger (vamp)
rCold   . . .      Faith    .   (no shield)
rNeg    . . .      Spirit   .   (helmet restricted)
rPois   .          Reflect  .   (no amulet)
rElec   .          Harm     .   r - +4 ring of slaying
rCorr   .          Rampage  .   (no ring)
Will    .....                   (no ring)
Stlth   +++++.....              (no ring)
HPRegen 0.19/turn               (no ring)
MPRegen 0.11/turn               (no ring)
                                (no ring)
                                (no ring)

@: no status effects
A: almost no armour, amphibious, 8 rings, camouflage 1, gelatinous body 1,
(nimble swimmer 1), tentacles
a: no special abilities


You were on level 6 of the Dungeon.
You visited 1 branch of the dungeon, and saw 6 of its levels.

You collected 241 gold pieces.

Inventory:

Hand Weapons
 a - a +0 hand axe
 i - a +0 rapier
 p - a +1 vampiric dagger (weapon)
 s - a +0 sling
 t - a +1 vampiric whip
 u - a +0 short sword of speed
Missiles
 n - 12 poisoned darts (quivered)
Armour
 y - an orb of wrath
Magical Staves
 e - a staff of poison
Jewellery
 r - a +4 ring of slaying (left tentacle)
 v - a ring of fire
Wands
 d - a wand of flame (7)
 f - a wand of digging (3)
 z - a wand of charming (7)
Scrolls
 b - 2 scrolls of fog
 c - 6 scrolls of magic mapping
 h - 3 scrolls of identify
 k - a scroll of immolation
 m - a scroll of silence
 B - a scroll of teleportation
Potions
 g - 2 potions of curing
 l - 4 potions of brilliance
 w - 3 potions of flight
 A - a potion of might
 C - a potion of cancellation
 F - a potion of attraction


   Skills:
 + Level 6.0 Fighting
 + Level 5.6 Axes
 + Level 5.5 Dodging
 + Level 10.0 Stealth


You had 7 spell levels left.
You didn't know any spells.
Your spell library contained the following spells:

 Spells                   Type           Power      Damage    Failure   Level
 Static Discharge         Conj/Air       0%         3-3/arc   41%         2
 Gell's Gravitas          Tloc           0%         N/A       65%         3
 Lesser Beckoning         Tloc           0%         N/A       65%         3
 Teleport Other           Tloc           0%         N/A       65%         3
 Dispel Undead            Necr           0%         3d6       96%         4
 Sticky Flame             Conj/Fire      0%         2d3       96%         4


Dungeon Overview and Level Annotations

Branches:
Dungeon (6/15)
 Temple: D:4-7

Altars:
Dithmenos
Fedhas
Kikubaaqudgha
Qazlal
Sif Muna
Uskayaw
Wu Jian
Xom
The Shining One

Shops:
D:4 [

Annotations:
D:2 1 runed translucent door, Crazy Yiuf


Innate Abilities, Weirdness & Mutations

You cannot wear most types of armour.
You are amphibious.
You can wear up to eight rings at the same time.
Your skin changes colour to match your surroundings (Stealth+).
Your rubbery body absorbs attacks. (AC +1, EV +1)
((You are camouflaged when in or above water. (Stealth+)))
You have tentacles for arms and can constrict up to eight enemies at once.


Message History

You impale the necrophage!!
You destroy the necrophage!
Your Stealth skill increases to level 10!
No target in view!
You see here 5 stones.
Found 5 stones.
You see here 5 stones.
There is a stone staircase leading down here.
You hit the orc warrior. Your grab misses the orc warrior.
The orc warrior is lightly wounded.
The orc warrior hits you with a +0 broad axe!
You hit the orc warrior but do no damage.
Your grab misses the orc warrior. Your squeeze misses the orc warrior.
The orc warrior is lightly wounded.
The orc warrior misses you.
You closely miss the orc warrior. You grab the orc warrior.
The orc warrior is lightly wounded.
You constrict the orc warrior, but do no damage.
The orc warrior closely misses you.
You hit the orc warrior but do no damage.
You squeeze the orc warrior, but do no damage.
The orc warrior is lightly wounded.
You constrict the orc warrior.
The orc warrior hits you with a +0 broad axe!
You hit the orc warrior but do no damage.
The orc warrior is moderately wounded.
You constrict the orc warrior. The orc warrior closely misses you.
You barely miss the orc warrior. You squeeze the orc warrior.
The orc warrior is heavily wounded.
You constrict the orc warrior, but do no damage.
The orc warrior hits you with a +0 broad axe!
You are too injured to fight recklessly!
Aiming: Throw Flame
Press: ? - help, Shift-Dir - straight line, f - orc warrior
Aim: an orc warrior, wielding a +0 broad axe, wearing a +0 chain mail and carrying a wand of flame (16) (heavily wounded, constricted by you, 100% to hit)
The puff of flame hits the orc warrior.
The orc warrior is heavily wounded.
You constrict the orc warrior.
The orc warrior hits you with a +0 broad axe!!
You die...

#
######.###........
# ###.# ... ... #
#...# #
####.####### #
#..........# #
#........#.# #
#..#.###.#.#
#######..#.# #.#.#
.........#.# #.#@#
.#######.#.#
#..#o.# .# #.#.#
#.# #.... )# #.#.#
##. .#.#.# .# #.#
# . .. .# ## ## ..
.. .#


You could see an orc warrior.

Vanquished Creatures
  Prince Ribbit (D:5)
  A sky beast (D:6)
  2 ogres
  A phantom (D:5)
  A necrophage (D:6)
  2 scorpions (D:6)
  3 hounds (D:5)
  A jelly (D:6)
  An orc priest (D:5)
  2 iguanas
  Terence (D:3)
  Natasha (thrice) (D:3)
  4 orc wizards
  3 gnolls (D:2)
  5 adders
  2 ufetubi (D:5)
  A worm (D:4)
  A dart slug (D:1)
  11 orcs
  9 endoplasms
  2 giant cockroaches
  10 goblins
  8 hobgoblins
  2 jackals (D:3)
  6 quokkas
  9 ball pythons
  4 bats
  2 frilled lizards
  10 kobolds
  4 rats
112 creatures vanquished.

Vanquished Creatures (collateral kills)
  An ogre (D:6)
  A necrophage (D:4)
  An orc (D:6)
  A giant cockroach (D:4)
4 creatures vanquished.

Grand Total: 116 creatures vanquished

Notes
Turn   | Place    | Note
-------+----------+-------------------------------------------
     0 | D:5      | croobank the Octopode Delver began the quest for the Orb.
     0 | D:5      | Reached XP level 1. HP: 16/16 MP: 1/1
    23 | D:6      | Noticed an ogre
    54 | D:6      | Noticed a jelly
    65 | D:6      | Noticed an iguana
    74 | D:6      | Reached XP level 2. HP: 16/21 MP: 2/2
    77 | D:6      | Reached skill level 7 in Stealth
    77 | D:6      | Reached XP level 3. HP: 14/26 MP: 3/3
   231 | D:6      | Noticed a steam dragon
   367 | D:5      | Reached XP level 4. HP: 21/31 MP: 4/4
   664 | D:3      | Noticed Natasha
   670 | D:3      | Killed Natasha
   792 | D:3      | Reached XP level 5. HP: 37/37 MP: 5/5
  1074 | D:1      | Noticed a floating eye
  1112 | D:1      | Found a faded altar of an unknown god.
  1113 | D:1      | Noticed a great orb of eyes
  1113 | D:1      | Noticed a golden eye
  1113 | D:1      | Noticed a shining eye
  1927 | D:3      | Found a shimmering blue altar of Sif Muna.
  1929 | D:3      | Found a glowing golden altar of the Shining One.
  1929 | D:3      | Found an ancient bone altar of Kikubaaqudgha.
  1929 | D:3      | Found a shimmering altar of Xom.
  1929 | D:3      | Found a hide-covered altar of Uskayaw.
  1930 | D:3      | Found an ornate altar of the Wu Jian Council.
  2327 | D:2      | Reached XP level 6. HP: 25/43 MP: 6/6
  2613 | D:2      | Found a runed translucent door.
  2614 | D:2      | Noticed Crazy Yiuf
  2813 | D:3      | Noticed Terence
  2821 | D:3      | Killed Terence
  2830 | D:3      | Noticed Natasha
  2834 | D:3      | Killed Natasha
  2891 | D:3      | Noticed Natasha
  2903 | D:3      | Killed Natasha
  2904 | D:3      | Reached skill level 8 in Stealth
  3684 | D:4      | Found a stormy altar of Qazlal.
  3688 | D:4      | Found a blossoming altar of Fedhas.
  3763 | D:4      | Reached XP level 7. HP: 49/49 MP: 7/7
  3763 | D:4      | Found Ihemiarukou's Antique Armour Shop.
  4308 | D:5      | Found a shadowy altar of Dithmenos.
  4454 | D:5      | Reached skill level 5 in Fighting
  4547 | D:6      | Reached skill level 9 in Stealth
  4547 | D:6      | Reached XP level 8. HP: 21/55 MP: 8/8
  4783 | D:5      | Noticed Prince Ribbit
  4792 | D:5      | Killed Prince Ribbit
  4793 | D:5      | Reached skill level 5 in Axes
  4793 | D:5      | Reached skill level 5 in Dodging
  6982 | D:6      | Reached skill level 10 in Stealth
  7072 | D:6      | Slain by an orc warrior

Illustrated notes

Levels and vault maps discovered:
D:1:      matt_arrival_los_fun, layout_loops_cross,
          hellmonk_ecumenical_altar_watching_god
D:2:      layout_basic, uniq_crazy_yiuf_cottage
D:3:      layout_basic, grunt_temple_overflow_open, uniq_natasha, uniq_terence
D:4:      layout_loops_cross, grunt_temple_overflow_forces_of_nature,
          serial_shops, nicolae_shop_waterfront, serial_forest,
          infiniplex_forest_lined_2, infiniplex_forest_end_1,
          infiniplex_forest_clump_small, infiniplex_forest_straight_2,
          infiniplex_forest_fountain, infiniplex_forest_lined_room_3,
          infiniplex_forest_end_3, infiniplex_forest_zigzag_1
D:5:      layout_loops_corners, nicolae_dithmenos_the_darkroom, serial_rivers,
          chequers_serial_rivers_room_a, chequers_serial_rivers_room_a,
          chequers_serial_rivers_micro_e, chequers_serial_rivers_small_b,
          chequers_serial_rivers_micro_a, uniq_prince_ribbit1
D:6:      layout_loops_ring, st_stairs_2

Skill      XL: |  1  2  3  4  5  6  7  8 |
---------------+-------------------------+-----
Stealth        | 7 8 9 10 | 10.0
Axes           | 3 4 5 |  5.6
Dodging        | 3 4 5 |  5.5
Fighting       | 4 5 6 |  6.0

Action                   |  1- 3 |  4- 6 |  7- 9 || total
-------------------------+-------+-------+-------++-------
Melee: Hand axe          |    13 |    59 |       ||    72
       Tentacles         |     4 |    34 |    24 ||    62
       Constrict         |     3 |    41 |    19 ||    63
       Dagger            |       |    95 |    88 ||   183
       Punch             |       |     1 |     1 ||     2
 Fire: Sling             |       |       |     5 ||     5
Evoke: Wand              |       |     2 |    15 ||    17
  Use: Scroll            |       |     6 |    14 ||    20
       Potion            |       |       |     4 ||     4
 Stab: Sleeping          |     1 |    23 |     7 ||    31
       Distracted        |     1 |     1 |       ||     2
Armor: Skin              |     2 |    12 |     1 ||    15
Dodge: Dodged            |     9 |    83 |    52 ||   144
